Map: Bel'Shir Vestige LE (Void)

Players

Railgan

  • Race: Zerg Zerg
  • League: Grandmaster
  • Spawn Location: 5:00

Semper - Winner!

  • Race: Terran Terran
  • League: Grandmaster
  • Spawn Location: 11:00

VOD

Have the link to the VOD?

Description

Time

  • Played on: March 20, 2017, 6:40 p.m.
  • Length: 9:58
Show
View Real Time Build Order
Export as new Build Order

Railgan Zerg 

Build Orders: Pool First, Swarm Host 

Get SALT Encoding   

  12  0:01  Drone  
  13  0:12  Overlord  
  13  0:17  Drone  
  14  0:30  Drone x2  
  14  0:34  Drone  
  17  0:49  Drone, Spawning Pool  
  17  0:56  Drone  
  18  1:13  Hatchery  
  18  1:16  Drone  
  18  1:17  Extractor  
  17  1:18  Drone  
  18  1:35  Queen  
  18  1:36  Zergling x2  
  18  1:39  Drone  
  22  1:49  Overlord  
  22  2:08  Drone  
  23  2:11  Queen  
  25  2:18  Drone  
  25  2:22  Drone, Metabolic Boost  
  27  2:25  Queen  
  29  2:32  Drone  
  29  2:36  Drone  
  31  2:37  Overlord  
  31  2:47  Drone x2  
  31  2:48  Drone x2  
  35  2:59  Drone x2  
  36  3:07  Lair  
  36  3:09  Drone x2  
  38  3:15  Evolution Chamber  
  38  3:16  Evolution Chamber  
  36  3:20  Drone x2  
  36  3:21  Zergling x4  
  36  3:22  Zergling x2  
  36  3:23  Queen  
  43  3:31  Drone  
  44  3:34  Overlord  
  44  3:38  Extractor  
  44  3:39  Extractor  
  42  3:55  Drone x2  
  44  3:56  Drone  
  44  3:57  Zergling x4  
  44  3:58  Drone x3  
  50  4:07  Drone x2, Overlord  
  52  4:10  Overlord  
  52  4:11  Infestation Pit  
  52  4:12  Drone  
  52  4:13  Burrow  
  52  4:20  Overlord  
  52  4:27  Drone x2  
  54  4:32  Drone  
  54  4:35  Drone  
  54  4:37  Drone  
  54  4:38  Extractor, Drone x2  
  58  4:39  Drone  
  58  4:41  Zergling x4  
  61  4:47  Queen  
  61  4:49  Roach Warren  
  61  4:51  Zergling x2  
  63  4:54  Zergling x2  
  62  5:12  Zergling x10  
  62  5:13  Zergling x6  
  62  5:20  Zergling x4  
  53  5:29  Zergling x4  
  47  5:44  Zerg Melee Weapons Level 1  
  47  5:45  Zerg Ground Armor Level 1, Drone  
  47  5:46  Drone x2  
  47  5:48  Drone  
  51  6:02  Hatchery  
  48  6:10  Infestor  
  48  6:11  Infestor  
  45  6:13  Drone  
  45  6:14  Drone x2  
  49  6:25  Drone x2  
  51  6:34  Drone x5  
  55  6:41  Drone, Queen x2  
  55  6:43  Drone  
  55  6:44  Drone x2  
  61  6:50  Pathogen Glands  
  61  6:54  Drone x2, Overlord  
  63  7:01  Zergling x2  
  63  7:02  Zergling x4  
  66  7:10  Overlord  
  66  7:15  Overlord  
  66  7:17  Queen  
  68  7:23  Swarm Host x3  
  68  7:25  Overlord  
  83  7:38  Swarm Host  
  83  7:40  Zergling x6  
  84  7:55  Infestor x2  
  77  8:05  Drone x3  
  80  8:06  Drone  
  80  8:07  Drone x2  
  80  8:12  Infestor  
  83  8:17  Queen  
  83  8:18  Queen  
  89  8:26  Overlord  
  89  8:29  Neural Parasite  
  89  8:33  Zergling x2  
  89  8:34  Zergling x4  
  92  8:49  Overlord  
  96  9:22  Zergling x4  
  90  9:33  Zergling x2  
  90  9:34  Zergling x14  
  113  9:40  Zergling x6  
Show
View Real Time Build Order
Export as new Build Order

Semper Terran - Winner!

Build Orders: Hellion Opening, Reaper Expand, MMM Bio 

Get SALT Encoding   

  12  0:00  SCV  
  13  0:12  SCV  
  14  0:17  Supply Depot  
  14  0:24  SCV  
  15  0:31  Refinery  
  15  0:38  SCV  
  16  0:44  Barracks  
  16  0:50  SCV  
  17  1:03  SCV  
  18  1:15  SCV  
  19  1:30  Orbital Command  
  19  1:31  Reaper  
  20  1:44  Command Center  
  20  1:56  Factory  
  20  1:57  SCV  
  21  2:09  SCV  
  21  2:10  Refinery  
  21  2:11  Barracks Reactor  
  22  2:16  Supply Depot  
  22  2:22  SCV  
  23  2:38  SCV  
  23  2:42  Starport  
  24  2:50  SCV  
  25  2:54  Hellion x2  
  29  3:03  SCV  
  30  3:07  Barracks Tech Lab  
  30  3:09  Orbital Command  
  30  3:15  SCV  
  30  3:18  Hellion  
  30  3:19  Hellion  
  35  3:27  SCV  
  36  3:36  SCV  
  36  3:38  Raven  
  36  3:39  SCV  
  40  3:41  Supply Depot  
  40  3:46  Hellion  
  40  3:47  Hellion  
  40  3:48  SCV  
  45  3:53  SCV  
  46  4:01  Supply Depot, Armory  
  46  4:03  SCV  
  46  4:05  SCV  
  46  4:09  Supply Depot  
  48  4:12  Hellion, Liberator  
  48  4:14  Hellion  
  48  4:15  SCV  
  53  4:20  SCV  
  54  4:27  SCV  
  54  4:28  Marine  
  54  4:29  Stimpack  
  59  4:33  SCV  
  59  4:37  Hellion  
  62  4:39  Hellion, SCV  
  65  4:45  SCV  
  65  4:51  SCV  
  65  4:52  Supply Depot x2  
  67  5:07  SCV  
  64  5:16  SCV  
  62  5:25  Marine  
  62  5:26  SCV  
  62  5:29  Command Center  
  62  5:30  SCV  
  62  5:32  Engineering Bay x2, Barracks  
  62  5:33  Barracks  
  62  5:34  Factory Reactor  
  59  5:38  SCV  
  59  5:41  Refinery  
  59  5:42  Refinery, SCV  
  57  5:44  Starport Reactor  
  57  5:46  Marine  
  58  5:50  SCV  
  58  5:53  Barracks  
  58  5:54  SCV  
  58  5:55  Barracks  
  60  6:02  SCV  
  60  6:03  Marine  
  62  6:06  SCV  
  63  6:12  Terran Infantry Armor Level 1, Terran Infantry Weapons Level 1  
  63  6:14  SCV  
  64  6:18  Factory Tech Lab, SCV  
  64  6:21  Marine  
  64  6:23  Marine x2  
  68  6:26  Medivac x2, SCV  
  68  6:30  SCV  
  68  6:31  Marine  
  68  6:32  Marine  
  73  6:38  SCV  
  73  6:39  Marine  
  75  6:41  Siege Tank  
  75  6:43  Barracks Reactor x2  
  75  6:44  Liberator, Combat Shields  
  75  6:45  Liberator, Barracks Tech Lab  
  75  6:46  Marine  
  79  6:48  Orbital Command  
  79  6:50  Marine x3, SCV x2  
  84  6:57  Marine  
  85  7:04  Marine  
  85  7:06  Marauder  
  85  7:08  Marine x3  
  95  7:09  SCV x2  
  95  7:15  Marine  
  100  7:20  Supply Depot  
  100  7:21  Supply Depot x2  
  100  7:22  Marine  
  101  7:24  Supply Depot  
  101  7:27  Orbital Command  
  101  7:42  Marine x6, SCV x2, Siege Tank  
  112  7:47  Marine  
  112  7:48  Marine  
  111  8:00  Marine x5, Marauder  
  111  8:05  Marine x2  
  110  8:07  SCV  
  110  8:11  Supply Depot  
  110  8:12  Supply Depot x2  
  110  8:14  Siege Tank  
  110  8:15  Medivac x2  
  110  8:17  Marine x3  
  110  8:18  Marine x2  
  122  8:21  Marine  
  122  8:26  Marine x2  
  125  8:35  Marine x5  
  125  8:39  Marauder  
  125  8:40  Factory, Refinery  
  132  8:43  Supply Depot, Refinery  
  132  8:44  Marine x2  
  132  8:45  Supply Depot  
  132  8:46  Siege Tank  
  132  8:47  Medivac x2  
  141  8:53  Marine  
  142  9:01  Marauder  
  144  9:04  Marine  
  145  9:11  Supply Depot, SCV x3  
  145  9:14  Marine  
  145  9:15  Marauder, Supply Depot x2  
  148  9:19  Siege Tank  
  148  9:23  Marine x3  
  156  9:24  Marauder  
  156  9:31  Marine  
  155  9:34  Marine  
  155  9:35  Marine  
  155  9:36  Marine  
Tags
 
Add a new tag
Caveats
  • Supply blocks, unpowered buildings, or Contaminate may cause inaccurate times.
  • Supply counts are checked every 10 seconds.